 Dungeon Crawl Stone Soup version 0.24.0-2-g5b39cebb1c (webtiles) character file.

Game seed: 297991672146019578, levelgen mode: deterministic

207 Descartes the Insei (level 5, 0/29 HPs)
             Began as a Vine Stalker Monk on Oct 31, 2019.
             Slain by a worker ant (3 damage)
             ... on level 4 of the Dungeon.
             The game lasted 00:05:38 (3637 turns).

Descartes the Insei (Vine Stalker Monk)             Turns: 3637, Time: 00:05:38

Health: 0/29       AC:  9    Str: 13    XL:     5   Next: 85%
Magic:  0/6        EV:  7    Int: 10    God:
Gold:   151        SH:  0    Dex: 20    Spells: 4/4 levels left

rFire    . . .     SeeInvis .     - Unarmed
rCold    . . .     Gourm    .   (no shield)
rNeg     . . .     Faith    .   m - +0 chain mail
rPois    .         Spirit   +   (no helmet)
rElec    .         Reflect  .   v - +0 cloak
rCorr    .         Harm     .   (no gloves)
MR       .....                  (no boots)
Stlth    ..........             (no amulet)
HPRegen  0.49/turn              t - +2 ring of dexterity
MPRegen  0.10/turn              (no ring)

@: lethally poisoned (0 -> -4)
A: fangs 2, regeneration 1, magic shield, antimagic bite, no potion heal 3, rot
immunity
a: no special abilities


You were on level 4 of the Dungeon.
You were not hungry.

You visited 2 branches of the dungeon, and saw 5 of its levels.

You collected 151 gold pieces.

Inventory:

Missiles
 e - 152 stones (quivered)
 f - 42 arrows
 p - 2 curare-tipped darts
 q - 28 sling bullets
Armour
 m - a +0 chain mail (worn)
 v - a +0 cloak (worn)
Jewellery
 t - a +2 ring of dexterity (left hand)
Wands
 i - a wand of random effects (17)
Scrolls
 a - a scroll of enchant armour {unknown}
 d - 4 scrolls of identify {unknown}
 h - 4 scrolls of teleportation {unknown}
 k - 3 scrolls of remove curse {unknown}
 u - a scroll of fear {unknown}
 w - a scroll of amnesia {unknown}
Potions
 c - 2 potions of cancellation {unknown}
 g - a potion of resistance {unknown}
 j - a potion of curing {unknown}
 n - a potion of might
 o - a potion of brilliance {unknown}
 r - a potion of haste {unknown}
 s - 2 potions of heal wounds {unknown}
 x - 3 potions of berserk rage {unknown}
 z - a potion of mutation {unknown}
Comestibles
 b - 6 rations
 l - a chunk of flesh


   Skills:
 + Level 3.7 Fighting
 + Level 1.8 Armour
 + Level 3.3 Dodging
 - Level 2.4 Stealth
 + Level 4.1 Unarmed Combat


You had 4 spell levels left.
You didn't know any spells.
Your spell library was empty.

Dungeon Overview and Level Annotations

Branches:
Dungeon (4/15)             Temple (1/1) D:4

Altars:
Cheibriados
Dithmenos
Elyvilon
Hepliaklqana
Nemelex Xobeh
Ru
Sif Muna
Trog
Vehumet
Wu Jian
Lugonu


Innate Abilities, Weirdness & Mutations

You have extremely sharp teeth.
Your natural rate of healing is unusually fast.
When hurt, damage is shared between your health and your magic reserves.
Your bite disrupts and absorbs the magic of your enemies.
Potions cannot restore your health.
You are immune to rotting.


Message History

You closely miss the worker ant.
The worker ant is heavily wounded.
You feel sick. The worker ant barely misses you. x2
You hit the worker ant but do no damage.
The worker ant is heavily wounded.
You feel sick.
The worker ant bites you but does no damage.
Your chain mail prevents you from hitting the worker ant.
You bite the worker ant. You drain its power.
You feel invigorated.
The worker ant is heavily wounded.
You feel sick. The worker ant bites you.
* * * LOW HITPOINT WARNING * * *
You are lethally poisoned!
The worker ant poisons you!
* * * LOW HITPOINT WARNING * * *
You feel sick. The worker ant barely misses you.
There is a staircase to the Ecumenical Temple, spattered with blood here.
* * * LOW HITPOINT WARNING * * *
You feel sick. The worker ant bites you.
You die...

.......'.......#.....
.......#............ .
###..###+#.##.#....#.#
...⌠.⌠##......#.##.#. #
...._......#........ .#
..#⌠.⌠+..#.#.#.#.#.##...
..#...#..#...#.#.#....#
..#####.##............#
..# #.#..##.#.@.#.#..
..# ..#.....#.a.# ..#
#.!#....#........ ..#
#..#.##.#.##.#... ..##
#.... ..... # ...#
...#.#.#.##. ...#
..#.#.#.. .# ...# .... .
.<.# ..


You could see a worker ant.

Vanquished Creatures
  A scorpion (D:4)
  Terence (D:2)
  5 adders
  An ooze (D:3)
  5 worms (D:3)
  A dart slug (D:4)
  3 leopard geckos
  4 orcs (D:3)
  3 giant cockroaches
  6 goblins
  9 hobgoblins
  3 kobolds
  3 quokkas
  5 bats
  3 frilled lizards
  12 rats
65 creatures vanquished.

Notes
Turn   | Place    | Note
-------+----------+-------------------------------------------
     0 | D:1      | Descartes the Vine Stalker Monk began the quest for the
                  | Orb.
     0 | D:1      | Reached XP level 1. HP: 11/11 MP: 2/2
   167 | D:1      | Reached XP level 2. HP: 11/16 MP: 3/3
  1346 | D:2      | Reached XP level 3. HP: 15/20 MP: 4/4
  1609 | D:2      | Noticed Terence
  1633 | D:2      | Killed Terence
  1633 | D:2      | Reached skill level 1 in Armour
  1633 | D:2      | Gained mutation: Your natural rate of healing is unusually
                  | fast. [Vine Stalker growth]
  1633 | D:2      | Reached XP level 4. HP: 8/24 MP: 2/5
  2585 | D:3      | Reached XP level 5. HP: 24/28 MP: 6/6
  2820 | D:3      | Noticed a moth of wrath
  2822 | D:3      | Found a bloodstained altar of Trog.
  3144 | D:3      | Found a white marble altar of Elyvilon.
  3540 | D:4      | Found a sparkling altar of Nemelex Xobeh.
  3557 | D:4      | Found a staircase to the Ecumenical Temple.
  3564 | Temple   | Entered the Ecumenical Temple
  3631 | D:4      | Reached skill level 4 in Unarmed Combat
  3637 | D:4      | Slain by a worker ant

Levels and vault maps discovered:
D:1:      nzn_arrival_depleted_hourglass, layout_basic
D:2:      layout_loops_corners, uniq_terence
D:3:      layout_loops_ring, tgw_trog, lemuel_round_altar
D:4:      layout_gridville, nemelex_xobeh_ov_fountains_minmay,
          kennysheep_okawaru_gauntlet, minmay_temple_entry_ruins, first_ration,
          uniq_eustachio
Temple:   corrupted_temple

Skill      XL: |  1  2  3  4  5 |
---------------+----------------+-----
Fighting       | 3 |  3.7
Armour         | 1 |  1.8
Dodging        | 3 |  3.3
Unarmed Combat | 4 |  4.1
Stealth        | |  2.4

Action                   |  1- 3 |  4- 6 || total
-------------------------+-------+-------++-------
Melee: Unarmed           |   124 |   179 ||   303
       Bite              |    37 |    65 ||   102
       Punch             |     3 |       ||     3
 Stab: Sleeping          |     4 |       ||     4
  Eat: Chunk             |     2 |     7 ||     9
Armor: Robe              |     5 |       ||     5
       Chain mail        |    57 |    91 ||   148
       Ring mail         |    17 |       ||    17
Dodge: Dodged            |    61 |    54 ||   115
